 Dungeon Crawl Stone Soup version 0.29-a0-994-gc5c9f59d18 (webtiles) character file.

Game seed: 4274654907284981751

30578 zishaf the Dancer (level 13, -24/74 HPs)
             Began as a Vine Stalker Brigand on Aug 3, 2022.
             Was a Believer of Uskayaw.
             Annihilated by an orc knight
             ... wielding a +0 dire flail
              (33 damage)
             ... on level 2 of the Orcish Mines.
             The game lasted 00:44:32 (13840 turns).

zishaf the Dancer (Vine Stalker Brigand)           Turns: 13840, Time: 00:44:33

Health: -24/74     AC: 13    Str: 21    XL:     13   Next: 52%
Magic:  0/24       EV: 14    Int: 11    God:    Uskayaw [**....]
Gold:   1160       SH: 11    Dex: 20    Spells: 12/12 levels left

rFire   . . .      SeeInvis +   a - +9 quick blade
rCold   . . .      Faith    .   F - +0 buckler
rNeg    . . .      Spirit   +   y - +4 ring mail
rPois   .          Reflect  +   k - +0 helmet
rElec   +          Harm     .   c - +1 cloak
rCorr   .          Rampage  .   (no gloves)
Will    +....                   u - +0 pair of boots
Stlth   ++++......              Q - amulet of the Burning Oracle {Reflect rElec SH+5}
HPRegen 1.02/turn               C - ring of Happiness {rElec Str+6 Slay+3 SInv}
MPRegen 0.19/turn               K - +4 ring of evasion

@: no status effects
A: fangs 3, regeneration 1, magic shield, antimagic bite, no potion heal 2
a: Renounce Religion, Stomp, Line Pass


You were on level 2 of the Orcish Mines.
You worshipped Uskayaw.
Uskayaw was pleased with you.
You visited 3 branches of the dungeon, and saw 16 of its levels.
You visited 1 bazaar.
You also visited: Bailey and Gauntlet.

You collected 1423 gold pieces.
You spent 263 gold pieces at shops.

Inventory:

Hand Weapons
 a - a +9 quick blade (weapon)
 b - the +5 war axe of Qiukaal {vamp, rF+}
   (You found it on level 5 of the Dungeon)

   It occasionally heals its wielder for a portion of the damage dealt when it
   wounds a living foe.
   rF:        It protects you from fire.
 D - a +5 long sword of freezing
 J - a +3 dagger of flaming
Missiles
 d - 37 javelins (quivered)
 e - a curare-tipped dart
 j - a boomerang
 I - 24 poisoned darts
 O - 5 silver boomerangs
Armour
 c - a +1 cloak (worn)
 k - a +0 helmet (worn)
 u - a +0 pair of boots (worn)
 y - a +4 ring mail (worn)
 F - a +0 buckler (worn)
 U - +2 ice dragon scales
Jewellery
 n - the ring "Vaoxeill" {+Blink Fly rElec rN++ Will+}
   (You found it on level 10 of the Dungeon)

   [ring of willpower]

   rElec:     It insulates you from electricity.
   rN:        It greatly protects you from negative energy.
   Fly:       It grants you flight.
   +Blink:    It lets you blink.
   Will:      It increases your willpower.
 o - a ring of ice
 p - a ring of poison resistance
 r - a ring of fire
 t - a ring of resist corrosion
 z - a ring of willpower
 C - the ring of Happiness (left hand) {rElec Str+6 Slay+3 SInv}
   (You found it in a Gauntlet)

   [ring of strength]

   Str:       It affects your strength (+6).
   Slay:      It affects your accuracy & damage with ranged weapons and melee
   (+3).
   rElec:     It insulates you from electricity.
   SInv:      It lets you see invisible.
 K - a +4 ring of evasion (right hand)
 Q - the amulet of the Burning Oracle (around neck) {Reflect rElec SH+5}
   (You found it in a Gauntlet)

   [amulet of reflection]

   It reflects blocked missile attacks.
   rElec:     It insulates you from electricity.
   SH:        It affects your SH (+5).
 S - the ring "Dekoimes" {Fly Will- Int+8}
   (You took it off a minotaur in a Gauntlet)

   [ring of flight]

   Int:       It affects your intelligence (+8).
   Fly:       It grants you flight.
   Will:      It decreases your willpower.
Wands
 w - a wand of polymorph (6)
 E - a wand of flame (46)
 R - a wand of charming (11)
 V - a wand of iceblast (5)
 W - a wand of digging (3)
Scrolls
 f - 6 scrolls of fear
 i - 5 scrolls of teleportation
 q - 2 scrolls of poison
 s - 4 scrolls of summoning
 L - a scroll of identify
 N - a scroll of enchant armour
 P - a scroll of butterflies
 T - a scroll of blinking
Potions
 g - 15 potions of curing
 h - a potion of invisibility
 l - 2 potions of might
 m - 2 potions of magic
 v - 7 potions of flight
 x - 4 potions of mutation
 A - 3 potions of brilliance
 B - a potion of resistance
 G - 2 potions of lignification
 H - 2 potions of attraction
 X - a potion of haste
Miscellaneous
 M - a condenser vane


   Skills:
 + Level 11.4 Fighting
 - Level 6.0 Short Blades
 - Level 4.0 Axes
 - Level 4.0 Throwing
 - Level 1.0 Dodging
 - Level 10.0 Stealth
 - Level 5.0 Shields
 + Level 13.7 Invocations
 - Level 5.0 Evocations


You had 12 spell levels left.
You didn't know any spells.
Your spell library contained the following spells:

 Spells                   Type           Power      Damage    Failure   Level
 Beastly Appendage        Tmut           0%         N/A       58%         1
 Sandblast                Erth           0%         2d4       58%         1
 Blink                    Tloc           0%         N/A       75%         2
 Ensorcelled Hibernation  Hex/Ice        0%         N/A       75%         2
 Passwall                 Tmut/Erth      0%         N/A       75%         2
 Wereblood                Tmut           0%         N/A       75%         2
 Call Canine Familiar     Summ           0%         N/A       92%         3
 Gell's Gravitas          Tloc           0%         N/A       92%         3
 Lesser Beckoning         Tloc           0%         N/A       92%         3
 Ozocubu's Armour         Ice            0%         N/A       92%         3
 Portal Projectile        Hex/Tloc       0%         N/A       92%         3
 Spider Form              Tmut/Pois      0%         N/A       92%         3
 Stone Arrow              Conj/Erth      0%         3d7       92%         3
 Teleport Other           Tloc           0%         N/A       92%         3
 Tukima's Dance           Hex            0%         N/A       92%         3
 Anguish                  Hex/Necr       0%         N/A       100%        4
 Leda's Liquefaction      Hex/Erth       0%         N/A       100%        4
 Blade Hands              Tmut           0%         N/A       100%        5
 Irradiate                Conj/Tmut      0%         3d11      100%        5
 Manifold Assault         Tloc           0%         N/A       100%        5
 Summon Forest            Summ/Tloc      0%         N/A       100%        5
 Dispersal                Tloc           0%         N/A       100%        6
 Dragon Form              Tmut           0%         N/A       100%        7
 Ozocubu's Refrigeration  Ice            0%         4d7       100%        7
 Necromutation            Tmut/Necr      0%         N/A       100%        8


Dungeon Overview and Level Annotations

Branches:
Dungeon (13/15)            Temple (1/1) D:4            Lair (0/5) D:10
    Orc (2/2) D:9             Elf (0/3) Orc:2        Vaults (0/5) D:13
 Bailey (visited)         Gauntlet (visited)

Altars:
Ashenzari
Cheibriados
Dithmenos
Elyvilon
Fedhas
Gozag
Hepliaklqana
Kikubaaqudgha
Makhleb
Nemelex Xobeh
Okawaru
Qazlal
Ru
Sif Muna
Trog
Uskayaw
Vehumet
Wu Jian
Xom
Yredelemnul
Zin
The Shining One
Lugonu

Shops:
Orc:2 [

Annotations:
D:1 2 transporters


Innate Abilities, Weirdness & Mutations

You have razor-sharp teeth.
Your natural rate of healing is unusually fast.
When hurt, damage is shared between your health and your magic reserves.
Your bite disrupts and absorbs the magic of your enemies.
Potions cannot restore your health.


Message History

The fungus begins to die.
You blow up the orc warlord!
Found Qeriw's Antique Armour Boutique.
You can no longer merge with and destroy a victim.
The orc warrior hits you with a +0 mace!!
You puncture the orc warrior!
You kill the orc warrior!
You hit the orc knight but do no damage.
You bite the orc knight. You drain its power.
You feel invigorated.
The orc knight is severely wounded.
The orc knight unwields a +0 arbalest.
The orc knight wields a +0 dire flail.
The orc knight completely misses you.
You hit the orc knight.
The orc knight is severely wounded.
You barely miss the orc knight. You bite the orc knight! You drain its power.
The orc knight is almost dead.
A nearby fungus withers and dies.
The orc knight is no longer sharing its pain.
You hit the orc knight but do no damage.
You bite the orc knight, but do no damage.
The orc knight is almost dead.
You block the orc knight's attack.
You hit the orc knight.
You bite the orc knight, but do no damage.
The orc knight is almost dead.
The orc knight hits you with a +3 broad axe!!
You hit the orc knight.
You bite the orc knight, but do no damage.
The orc knight is almost dead.
The orc knight hits you with a +0 dire flail!!
* * * LOW HITPOINT WARNING * * *
You can now pass through a line of other dancers.
You hit the orc knight.
The orc knight is almost dead.
The orc knight hits you with a +3 broad axe!
* * * LOW HITPOINT WARNING * * *
You barely miss the orc knight. Your bite misses the orc knight.
The orc knight is almost dead.
The orc knight hits you with a +0 dire flail!!!
You die...

#..............
..................
#..................
..............#.....
...$....$.........##
....##.......#.....
#...#))))......P..
##......)).........
#........).@.)....P
##.........oo......
###$..##....).....
##.#..####........∩
###.....##...........
##..#...##......P.....
#.......#...#.......P.
.....#......##.......P.
.##. ##.##..#.........


You could see 2 orc knights.

Vanquished Creatures
  Kirke (D:12)
  An orc warlord (Orc:2)
  A minotaur (Gauntlet)
  2 green deaths (Gauntlet)
  3 boulder beetles
  2 hydras (D:13)
  3 two-headed ogres
  An orc high priest (Orc:2)
  A large abomination (D:12)
  Pikel (D:8)
  2 wizards (D:13)
  A deep elf pyromancer (D:13)
  2 ugly things (D:12)
  An orc sorcerer (Orc:2)
  Maurice (D:8)
  A black mamba (shapeshifter) (D:13)
  2 orange demons (Gauntlet)
  2 gargoyles (D:13)
  Psyche (D:8)
  3 unseen horrors
  2 kobold demonologists (D:11)
  An ancient zyme (D:12)
  3 trolls
  3 hornets
  Prince Ribbit (D:6)
  A raiju (D:12)
  Sigmund (D:5)
  A shadow (D:10)
  A wraith (D:11)
  4 wyverns
  3 hogs (D:12)
  A vampire (D:13)
  10 yaks
  9 humans
  A steam dragon (D:9)
  7 vampire mosquitoes
  2 acid dragons
  6 water moccasins
  21 orc warriors
  6 black bears
  2 sky beasts
  2 ogres
  3 wolves (D:10)
  12 centaurs
  3 lemures (D:8)
  A phantom (D:7)
  3 kobold brigands
  3 bullfrogs (D:7)
  A necrophage (D:4)
  2 gnoll sergeants
  2 scorpions
  8 wights
  A small abomination (D:12)
  A howler monkey (shapeshifter) (D:12)
  4 howler monkeys
  3 jellies
  3 hounds
  6 orc priests
  2 gnoll boudas
  4 iguanas
  14 orc wizards
  A mummy (D:5)
  39 gnolls
  5 adders
  A white imp (D:6)
  An ufetubus (D:6)
  3 worms
  2 dart slugs
  60 orcs
  7 endoplasms
  2 giant cockroaches
  32 goblins
  21 hobgoblins
  4 jackals (D:2)
  8 quokkas
  8 ball pythons
  4 bats (D:2)
  6 frilled lizards
  13 kobolds
  4 rats
  A spectral hobgoblin (D:1)
418 creatures vanquished.

Vanquished Creatures (others)
  3 demonic plants (Gauntlet)
  A fungus (Orc:2)
  7 plants (D:10)
11 creatures vanquished.

Grand Total: 429 creatures vanquished

Notes
Turn   | Place    | Note
-------+----------+-------------------------------------------
     0 | D:1      | zishaf the Vine Stalker Brigand began the quest for the
                  | Orb.
     0 | D:1      | Reached XP level 1. HP: 11/11 MP: 2/2
    84 | D:1      | Found a faded altar of an unknown god.
   311 | D:1      | Reached skill level 1 in Dodging
   311 | D:1      | Reached XP level 2. HP: 14/15 MP: 3/3
   439 | D:1      | Reached skill level 5 in Stealth
  1394 | D:2      | Reached XP level 3. HP: 17/18 MP: 4/4
  2520 | D:3      | Gained mutation: Your natural rate of healing is unusually
                  | fast. [Vine Stalker growth]
  2520 | D:3      | Reached XP level 4. HP: 20/23 MP: 5/5
  2601 | D:3      | Found an ancient bone altar of Kikubaaqudgha.
  2907 | D:3      | Reached XP level 5. HP: 27/27 MP: 6/6
  3256 | D:4      | Reached XP level 6. HP: 27/32 MP: 4/7
  3380 | D:4      | Found a staircase to the Ecumenical Temple.
  3387 | Temple   | Entered the Ecumenical Temple
  3444 | Temple   | Became a worshipper of Uskayaw the Reveller
  3462 | D:4      | Reached * piety under Uskayaw
  3762 | D:4      | Reached ** piety under Uskayaw
  3768 | D:4      | Reached *** piety under Uskayaw
  3770 | D:4      | Reached skill level 1 in Invocations
  3772 | D:4      | Reached **** piety under Uskayaw
  4069 | D:5      | Entered Level 5 of the Dungeon
  4134 | D:5      | Reached XP level 7. HP: 17/36 MP: 7/9
  4373 | D:5      | Reached skill level 2 in Invocations
  4433 | D:5      | Identified the +7 spear "Vuttiota" {protect, Str+2}
  4771 | D:5      | Reached skill level 3 in Invocations
  4984 | D:5      | Gained mutation: You have razor-sharp teeth. [Vine Stalker
                  | growth]
  4984 | D:5      | Reached XP level 8. HP: 42/42 MP: 11/11
  5004 | D:5      | Found a snail-covered altar of Cheibriados.
  5078 | D:5      | Found a white marble altar of Elyvilon.
  5152 | D:5      | Found a shadowy altar of Dithmenos.
  5159 | D:5      | Found a radiant altar of Vehumet.
  5161 | D:5      | Identified the +5 war axe of Qiukaal {vamp, rF+}
  5229 | D:5      | Noticed Sigmund
  5234 | D:5      | Killed Sigmund
  5235 | D:5      | Reached skill level 1 in Axes
  5235 | D:5      | Reached skill level 4 in Invocations
  5607 | D:6      | Got the Almanac of Bloody Orientation
  5700 | D:6      | Reached skill level 5 in Invocations
  5791 | D:6      | Found a glowing silver altar of Zin.
  5826 | D:6      | Reached skill level 5 in Fighting
  5855 | D:6      | Reached XP level 9. HP: 42/47 MP: 11/14
  5937 | D:6      | Reached skill level 6 in Invocations
  6234 | D:6      | Noticed Prince Ribbit
  6251 | D:6      | Killed Prince Ribbit
  6596 | D:7      | Reached skill level 1 in Shields
  6915 | D:7      | Reached skill level 7 in Invocations
  6944 | D:7      | Noticed a hornet
  7008 | D:7      | Killed a hornet
  7299 | D:8      | Noticed Pikel
  7311 | D:8      | Killed Pikel
  7312 | D:8      | Reached skill level 8 in Invocations
  7312 | D:8      | Reached XP level 10. HP: 19/53 MP: 7/17
  7313 | D:8      | Reached ***** piety under Uskayaw
  7369 | D:8      | Noticed Maurice
  7403 | D:8      | Killed Maurice
  7448 | D:8      | Found a flagged portal.
  7466 | D:8      | Identified the +2 halberd "Killer Klown's Regret" {freeze,
                  | rC+ Int+4 Stlth+}
  7469 | Bailey   | Entered a bailey
  7584 | Bailey   | Reached skill level 9 in Invocations
  8454 | Bailey   | Reached skill level 10 in Invocations
  8686 | Bailey   | Acquired a +6 quick blade
  8950 | D:8      | Noticed Psyche
  8973 | D:8      | Reached skill level 5 in Shields
  8973 | D:8      | Reached XP level 11. HP: 49/56 MP: 15/19
  9015 | D:8      | Killed Psyche
  9016 | D:8      | Reached skill level 1 in Evocations
  9419 | D:9      | Noticed a two-headed ogre
  9428 | D:9      | Killed a two-headed ogre
  9430 | D:9      | Found a staircase to the Orcish Mines.
  9459 | D:9      | Reached ****** piety under Uskayaw
  9523 | D:9      | Reached skill level 5 in Short Blades
 10002 | D:9      | Found a shimmering blue altar of Sif Muna.
 10291 | D:10     | Entered Level 10 of the Dungeon
 10303 | D:10     | Found a stormy altar of Qazlal.
 10329 | D:10     | Paralysed by a hornet for 3 turns
 10392 | D:10     | Found a staircase to the Lair.
 10428 | D:10     | Reached skill level 11 in Invocations
 10652 | D:10     | Found a burning altar of Makhleb.
 10818 | D:10     | Identified the ring "Vaoxeill" {+Blink Fly rElec rN++
                  | Will+}
 11346 | D:11     | Reached XP level 12. HP: 31/65 MP: 21/21
 11656 | D:11     | Noticed a boulder beetle
 11695 | D:11     | Killed a boulder beetle
 11879 | D:12     | Noticed Kirke
 11889 | D:12     | Reached skill level 5 in Evocations
 11899 | D:12     | Killed Kirke
 11903 | D:12     | Found a gate leading to a gauntlet.
 11928 | D:12     | Found a flickering gateway to a bazaar.
 11937 | Bazaar   | Entered a bazaar
 11951 | Bazaar   | Found Xukh's Distillery.
 11956 | Bazaar   | Bought a potion of mutation for 88 gold pieces
 11967 | Bazaar   | Found Velynu's General Store.
 11972 | Bazaar   | Bought a potion of mutation for 80 gold pieces
 11972 | Bazaar   | Bought a scroll of summoning for 95 gold pieces
 11983 | Bazaar   | Found Cugginir's Antique Weapon Emporium.
 11998 | Bazaar   | Found Orghiny's Book Shoppe.
 12041 | Gauntlet | Entered a Gauntlet
 12041 | Gauntlet | Noticed a green death
 12041 | Gauntlet | Found a transporter.
 12041 | Gauntlet | Found a transporter.
 12057 | Gauntlet | Found a transporter.
 12061 | Gauntlet | Found a transporter.
 12066 | Gauntlet | Noticed a green death
 12074 | Gauntlet | Found a transporter.
 12096 | Gauntlet | Found a transporter.
 12102 | Gauntlet | Found a transporter.
 12110 | Gauntlet | Found a transporter.
 12135 | Gauntlet | Found a transporter.
 12144 | Gauntlet | Found a transporter.
 12152 | Gauntlet | Found a transporter.
 12215 | Gauntlet | Found a transporter.
 12281 | Gauntlet | Killed a green death
 12302 | Gauntlet | Identified the ring of Happiness {rElec Str+6 Slay+3 SInv}
 12333 | Gauntlet | Killed a green death
 12334 | Gauntlet | Reached skill level 12 in Invocations
 12349 | Gauntlet | Identified the amulet of the Burning Oracle {Reflect rElec
                  | SH+5}
 12401 | Gauntlet | Identified the ring "Dekoimes" {Fly Will- Int+8}
 12401 | Gauntlet | Noticed a minotaur
 12414 | Gauntlet | Killed a minotaur
 12619 | D:12     | Found a transporter.
 12622 | D:12     | Found a corrupted altar of Lugonu.
 12738 | D:12     | Found a transporter.
 12806 | D:12     | Reached skill level 10 in Fighting
 12823 | D:12     | Reached skill level 10 in Stealth
 13054 | D:13     | Noticed a seven-headed hydra
 13059 | D:13     | Killed a seven-headed hydra
 13081 | D:13     | Reached XP level 13. HP: 72/72 MP: 23/23
 13302 | D:13     | Reached skill level 13 in Invocations
 13463 | D:13     | Found a gate to the Vaults.
 13672 | Orc:1    | Entered Level 1 of the Orcish Mines
 13779 | Orc:2    | Entered Level 2 of the Orcish Mines
 13779 | Orc:2    | Found a staircase to the Elven Halls.
 13819 | Orc:2    | Noticed an orc warlord
 13831 | Orc:2    | Killed an orc warlord
 13831 | Orc:2    | Found Qeriw's Antique Armour Boutique.
 13840 | Orc:2    | Annihilated by an orc knight

Illustrated notes

Levels and vault maps discovered:
D:1:      spicycebolla_arrival_transporter_tutorial, layout_loops_ring,
          dreamdust_ecumenical_altar_drowned_temple
D:2:      minmay_general_purpose_star, layout_basic, hangedman_glass_teeth,
          kennysheep_generic_room_10
D:3:      layout_basic, mainiacjoe_overflow_surrounded_room, nicolae_titane
D:4:      layout_loops_ring, minmay_temple_entry_purple_smoke
D:5:      minmay_goblin_kobold_castle, layout_basic,
          amethyst_overflow_temple_binary, slow_altar_1, elyvilon_altar_1,
          nrook_mini_vaults, uniq_sigmund
D:6:      layout_loops_ring, kennysheep_little_box, minmay_between,
          uniq_prince_ribbit1
D:7:      layout_loops_cross
D:8:      layout_basic, enter_bailey_2, kennysheep_another_room, uniq_psyche,
          uniq_pikel, uniq_maurice
D:9:      layout_gridville, mainiacjoe_overflow_24_doors, david_orc_3,
          serial_co_window_serial, co_window_paths_a, co_window_paths_a,
          co_window_of_opportunity_a, co_window_paths_a, co_window_paths_a,
          co_window_paths_c, co_window_broadway_c, co_window_broadway_c,
          co_window_of_opportunity_c, co_window_corner_b, co_window_broadway_b,
          glass_columns_b
D:10:     layout_basic, grunt_qazlal_clouds,
          mainiacjoe_overflow_six_doors_small, minmay_lair_entry_grove,
          minmay_ruffians
D:11:     layout_long_grid
D:12:     gammafunk_corrupted_shrine, layout_rooms, gauntlet_entry_generic,
          serial_shops, bzr_in_the_mist, uniq_kirke
D:13:     layout_roguey, david_vaults_1
Temple:   compressed_dpeg_triangle_lava_temple
Orc:1:    layout_caves, roderic_batcave, nicolae_orc_lost_temple
Orc:2:    grunt_orc_gardens, layout_caves, grunt_orc_garden, grunt_orc_garden,
          grunt_orc_garden, grunt_orc_garden, uniq_jorgrun

Skill      XL: |  1  2  3  4  5  6  7  8  9 10 11 12 13 |
---------------+----------------------------------------+-----
Dodging        | 1 |  1.0
Throwing       | 2 3 4 |  4.0
Stealth        | 5 6 7 10 | 10.0
Short Blades   | 2 3 4 6 |  6.0
Fighting       | 2 3 4 5 6 7 8 10 11 | 11.4
Invocations    | 1 3 5 8 10 11 12 13 | 13.7
Axes           | 2 4 |  4.0
Shields        | 3 5 |  5.0
Evocations     | 4 5 |  5.0

Action                   |  1- 3 |  4- 6 |  7- 9 | 10-12 | 13-15 || total
-------------------------+-------+-------+-------+-------+-------++-------
Melee: Dagger            |    85 |    92 |   138 |       |       ||   315
       Bite              |    21 |    25 |    89 |   238 |    53 ||   426
       Punch             |       |     1 |       |       |       ||     1
       War axe           |       |       |   123 |   137 |       ||   260
       Quick blade       |       |       |       |   455 |   120 ||   575
Throw: Dart              |    14 |    21 |     9 |    29 |       ||    73
       Boomerang         |       |       |    48 |    14 |       ||    62
       Javelin           |       |       |       |    10 |       ||    10
Invok: Grand Finale      |       |       |       |       |     1 ||     1
Evoke: Wand              |       |       |     1 |     3 |       ||     4
  Use: Scroll            |       |    12 |     7 |    11 |     1 ||    31
       Potion            |       |       |       |     2 |       ||     2
 Stab: Sleeping          |     9 |     5 |     6 |     7 |     1 ||    28
       Paralysed         |       |     1 |    15 |    39 |    13 ||    68
       Distracted        |       |       |     1 |       |       ||     1
       Invisible         |       |       |       |     3 |       ||     3
Armor: Robe              |    22 |     8 |       |       |       ||    30
       Ring mail         |       |    29 |   134 |   162 |    14 ||   339
Dodge: Dodged            |    28 |    47 |   146 |   285 |    31 ||   537
Block: Buckler           |       |       |    21 |   139 |    26 ||   186
       Reflection        |       |       |       |       |     3 ||     3

Table legend: (Time is in decaauts)
 A = Elapsed time spent in this place.
 B = Non-inter-level travel time spent in this place.
 C = Inter-level travel time spent in this place.
 D = Time resting spent in this place.
 E = Time spent auto-exploring this place.
 F = Levels seen in this place.
 G = Mean time per level.
                   A        B        C        D        E       F      G
               +--------+--------+--------+--------+--------+-----+--------+
         Total |  13582 |  12980 |    602 |    473 |   8471 |  19 |  714.8 |
       Dungeon |  11490 |  10909 |    581 |    262 |   7842 |  13 |  883.8 |
        Temple |     66 |     66 |      0 |      0 |      0 |   1 |   66.0 |
  Orcish Mines |    150 |    129 |     21 |      0 |     97 |   2 |   75.0 |
        Bazaar |     83 |     83 |      0 |      0 |      0 |   1 |   83.0 |
        Bailey |   1368 |   1368 |      0 |    182 |    486 |   1 | 1368.0 |
      Gauntlet |    422 |    422 |      0 |     29 |     45 |   1 |  422.0 |
               +--------+--------+--------+--------+--------+-----+--------+

Top non-repeatable levels by time:
     D:5: 1511 daAuts
  Bailey: 1368 daAuts
     D:1: 1175 daAuts
     D:2: 1026 daAuts
     D:9: 1010 daAuts
     D:3: 979 daAuts
     D:6: 974 daAuts
     D:4: 802 daAuts
    D:11: 761 daAuts
    D:10: 740 daAuts
     D:8: 706 daAuts
     D:7: 690 daAuts
    D:12: 617 daAuts
    D:13: 495 daAuts
Gauntlet: 422 daAuts
